 Dungeon Crawl Stone Soup version 0.28.0-45-g0d030f2227 (webtiles) character file.

Game seed: 16434679752913262609

747 protoss039 the Shield-Bearer (level 7, -9/63 HPs)
             Began as a Minotaur Fighter on Apr 6, 2022.
             Mangled by an ogre
             ... wielding a +0 giant club
              (22 damage)
             ... on level 5 of the Dungeon.
             The game lasted 00:03:57 (3993 turns).

protoss039 the Shield-Bearer (Minotaur Fighter)     Turns: 3993, Time: 00:03:58

Health: -9/63      AC:  8    Str: 22    XL:     7   Next: 48%
Magic:  6/6        EV:  9    Int:  5    God:
Gold:   256        SH:  5    Dex: 10    Spells: 6/6 levels left

rFire   . . .      SeeInvis +   a - +0 war axe
rCold   . . .      Faith    .   c - +0 buckler
rNeg    . . .      Spirit   .   b - +0 scale mail
rPois   .          Reflect  .   (helmet restricted)
rElec   .          Harm     .   (no cloak)
rCorr   .          Rampage  .   (no gloves)
Will    .....                   u - +0 pair of boots
Stlth   ..........              (no amulet)
HPRegen 0.20/turn               f - ring of see invisible
MPRegen 0.10/turn               (no ring)

@: no status effects
A: horns 2, retaliatory headbutt
a: no special abilities


You were on level 5 of the Dungeon.
You visited 1 branch of the dungeon, and saw 5 of its levels.

You collected 256 gold pieces.

Inventory:

Hand Weapons
 a - a +0 war axe (weapon)
 p - the +4 whip "Cyclomah" {vorpal, rN+ Str+7 SInv}
   (You found it on level 3 of the Dungeon)

   It inflicts extra damage upon your enemies.
   Str:       It affects your strength (+7).
   rN:        It protects you from negative energy.
   SInv:      It lets you see invisible.
Missiles
 g - 2 silver javelins (quivered)
Armour
 b - a +0 scale mail (worn)
 c - a +0 buckler (worn)
 u - a +0 pair of boots (worn)
Jewellery
 f - a ring of see invisible (left hand)
Wands
 x - a wand of paralysis (13)
Scrolls
 e - a scroll of identify
 h - a scroll of torment {unknown}
 i - 2 scrolls of enchant weapon
 k - 2 scrolls of fog {unknown}
 m - a scroll of vulnerability {unknown}
 o - a scroll of enchant armour {unknown}
 r - a scroll of blinking {unknown}
 s - 2 scrolls of noise {unknown}
 w - a scroll of magic mapping {unknown}
Potions
 d - 3 potions of might
 j - a potion of magic
 l - 2 potions of cancellation {unknown}
 n - a potion of flight {unknown}
 q - a potion of curing {unknown}
 t - 2 potions of invisibility
 v - a potion of lignification {unknown}
 z - a potion of brilliance {unknown}


   Skills:
 + Level 6.1 Fighting
 + Level 5.4 Axes
 + Level 6.1 Armour
 + Level 6.2 Shields


You had 6 spell levels left.
You didn't know any spells.
Your spell library was empty.

Dungeon Overview and Level Annotations

Branches:
Dungeon (5/15)             Temple (0/1) D:5

Altars:
Sif Muna


Innate Abilities, Weirdness & Mutations

You have a pair of horns on your head.
You reflexively headbutt those who attack you in melee.


Message History

The bullfrog skeleton hits you but does no damage.
You slash the bullfrog skeleton!
The bullfrog skeleton is moderately damaged.
You block the bullfrog skeleton's attack.
Unknown command.
You slash the bullfrog skeleton!
The bullfrog skeleton is severely damaged.
You slash the centaur skeleton! You hit the ogre.
You block the bullfrog skeleton's attack.
The centaur skeleton hits you but does no damage.
The centaur skeleton kicks you.
The ogre hits you with a +0 giant club!!
The bullfrog skeleton hits you but does no damage.
The centaur skeleton hits you.
You block the centaur skeleton's attack.
Unknown command.
You slash the bullfrog skeleton!
You destroy the bullfrog skeleton!
You slash the centaur skeleton! You slash the ogre!
The ogre hits you with a +0 giant club! The centaur skeleton hits you.
The centaur skeleton barely misses you.
Unknown command.
Unknown command.
Unknown command.
You hit the ogre.
The ogre is heavily wounded.
You hit the centaur skeleton.
The centaur skeleton hits you but does no damage.
The centaur skeleton closely misses you.
The ogre hits you with a +0 giant club.
The centaur skeleton hits you but does no damage.
The centaur skeleton kicks you but does no damage.
You hit the ogre.
The ogre is heavily wounded.
You slash the centaur skeleton! The centaur skeleton hits you.
* * * LOW HITPOINT WARNING * * *
The centaur skeleton kicks you.
* * * LOW HITPOINT WARNING * * *
The ogre hits you with a +0 giant club!!
You die...

#
#.######..<.....########
# #.# #........# # #.#
#........# # #.#
#........# # #.#
#........# ## ###.#
##..########... ....#
##............ ....#
#...#.Z.#... ....#
#...#@Z.# ....#
#.###.O.# ....# #..
....... ....###
#..⌠..>..⌠... ......#
#............ ##'####
#.###...###.. ≈≈.≈§≈# ..
#.⌠.# .. §§§.§§# ##
#...# .≈.§.§#


You could see an ogre and 2 centaur skeletons.

Vanquished Creatures
  A hornet zombie (D:3)
  The ghost of kthxbai the Grave Robber, an amateur DsNe (D:3)
  A scorpion (D:5)
  3 water moccasin zombies
  A hound (D:4)
  2 bullfrog skeletons
  A centaur skeleton (D:3)
  A gnoll shaman (D:3)
  An iguana (D:4)
  An orc wizard (D:5)
  5 gnolls
  3 adders
  An ufetubus (D:5)
  2 adder skeletons
  A worm (D:2)
  6 orcs
  3 bats
  6 endoplasms
  4 giant cockroaches
  6 goblins
  7 hobgoblins
  2 jackals (D:4)
  8 kobolds
  2 quokkas (D:3)
  3 ball pythons
  4 frilled lizards
  7 rats
83 creatures vanquished.

Notes
Turn   | Place    | Note
-------+----------+-------------------------------------------
     0 | D:1      | protoss039 the Minotaur Fighter began the quest for the
                  | Orb.
     0 | D:1      | Reached XP level 1. HP: 19/19 MP: 0/0
   153 | D:1      | Reached XP level 2. HP: 26/27 MP: 1/1
   458 | D:2      | Reached XP level 3. HP: 29/33 MP: 2/2
   920 | D:2      | Found a shimmering blue altar of Sif Muna.
  1309 | D:2      | Found a faded altar of an unknown god.
  1561 | D:3      | Found a runed translucent gate.
  1561 | D:3      | Found a runed translucent gate.
  1562 | D:3      | Found a runed translucent gate.
  1564 | D:3      | Noticed kthxbai's ghost (amateur DsNe)
  1617 | D:3      | Reached XP level 4. HP: 41/41 MP: 3/3
  1714 | D:3      | Identified the +4 whip "Cyclomah" {vorpal, rN+ Str+7 SInv}
  2092 | D:3      | Killed kthxbai's ghost
  2093 | D:3      | Reached XP level 5. HP: 17/47 MP: 4/4
  2418 | D:3      | Reached skill level 5 in Fighting
  2418 | D:3      | Reached skill level 5 in Armour
  2418 | D:3      | Reached skill level 5 in Shields
  2418 | D:3      | Reached XP level 6. HP: 23/56 MP: 5/5
  3246 | D:4      | Reached skill level 5 in Axes
  3246 | D:4      | Reached XP level 7. HP: 59/62 MP: 6/6
  3621 | D:5      | Entered Level 5 of the Dungeon
  3985 | D:5      | Found a staircase to the Ecumenical Temple.
  3993 | D:5      | Mangled by an ogre

Illustrated notes

Levels and vault maps discovered:
D:1:      dpeg_arrival_pits, layout_rooms
D:2:      layout_loops_corners, shapermc_ecumenical_altar_hornbeckon,
          basic_altar
D:3:      minmay_octagon_keep, layout_basic, gammafunk_ghost_necromancy
D:4:      layout_rooms
D:5:      layout_basic, minmay_temple_entry_junction_2,
          kennysheep_generic_room_11

Skill      XL: |  1  2  3  4  5  6  7 |
---------------+----------------------+-----
Fighting       | 4 5 6 |  6.1
Axes           | 3 4 5 |  5.4
Armour         | 4 5 6 |  6.1
Shields        | 4 5 6 |  6.2

Action                   |  1- 3 |  4- 6 |  7- 9 || total
-------------------------+-------+-------+-------++-------
Melee: War axe           |    70 |    27 |    22 ||   119
       Headbutt          |     5 |    21 |     5 ||    31
       Whip              |       |    69 |    24 ||    93
  Use: Scroll            |       |     3 |     1 ||     4
Armor: Scale mail        |    20 |    44 |    19 ||    83
Dodge: Dodged            |    41 |    50 |    18 ||   109
Block: Buckler           |    15 |    38 |     7 ||    60
